 Dungeon Crawl Stone Soup version 0.28-a0-938-gbc3f381ebc (webtiles) character file.

Game seed: 6048827734423913891

576 Froggeryz the Cudgeller (level 7, -5/41 HPs)
             Began as a Gargoyle Cinder Acolyte on Nov 28, 2021.
             Was a High Priest of Ignis.
             Slain by a black bear (6 damage)
             ... on level 6 of the Dungeon.
             The game lasted 00:05:42 (5272 turns).

Froggeryz the Cudgeller (Gargoyle Cinder Acolyte)   Turns: 5272, Time: 00:05:43

Health: -5/41      AC: 12    Str: 20    XL:     7   Next: 35%
Magic:  8/8        EV: 10    Int: 14    God:    Ignis [*****.]
Gold:   91         SH:  4    Dex:  5    Spells: 8/8 levels left

rFire   + + .      SeeInvis +   a - -1 mace (flame)
rCold   . . .      Faith    .   f - +0 buckler
rNeg    + . .      Spirit   .   b - +0 ring mail
rPois   ∞          Reflect  .   i - +1 helmet
rElec   +          Harm     .   (no cloak)
rCorr   .          Rampage  .   (no gloves)
Will    .....                   (no boots)
Stlth   ..........              (no amulet)
HPRegen 0.13/turn               q - ring of see invisible
MPRegen 0.11/turn               s - ring of protection from fire

@: no status effects
A: sickness immunity, AC +4, negative energy resistance 1, electricity
resistance, torment resistance 1, petrification resistance
a: Renounce Religion, Fiery Armour, Foxfire Swarm, Rising Flame


You were on level 6 of the Dungeon.
You worshipped Ignis.
Ignis was extremely pleased with you.
You visited 2 branches of the dungeon, and saw 6 of its levels.
You also visited: Sewer.

You collected 91 gold pieces.

Inventory:

Hand Weapons
 a - a -1 mace of flaming (weapon)
Missiles
 o - 20 poisoned darts (quivered)
Armour
 b - a +0 ring mail (worn)
 f - a +0 buckler (worn)
 i - a +1 helmet (worn)
Jewellery
 q - a ring of see invisible (left hand)
 s - a ring of protection from fire (right hand)
Scrolls
 c - 3 scrolls of teleportation
 e - 2 scrolls of enchant weapon {unknown}
 h - a scroll of noise {unknown}
 l - 2 scrolls of identify
 m - 2 scrolls of vulnerability {unknown}
 n - a scroll of amnesia {unknown}
Potions
 d - 2 potions of lignification {unknown}
 g - 2 potions of degeneration {unknown}
 j - 2 potions of resistance {unknown}
 k - a potion of brilliance {unknown}
 p - 2 potions of curing
 r - 4 potions of flight
 t - a potion of heal wounds


   Skills:
 + Level 3.3 Fighting
 * Level 6.9 Maces & Flails
 - Level 1.3 Armour
 - Level 4.2 Shields
 - Level 1.0 Spellcasting
 - Level 3.0 Fire Magic


You had 8 spell levels left.
You didn't know any spells.
Your spell library contained the following spells:

 Spells                   Type           Power      Damage    Failure   Level
 Scorch                   Fire           18%        2d6       19%         2
 Call Canine Familiar     Summ           0%         N/A       78%         3
 Gell's Gravitas          Tloc           0%         N/A       78%         3
 Lesser Beckoning         Tloc           0%         N/A       78%         3
 Ozocubu's Armour         Ice            0%         N/A       78%         3
 Portal Projectile        Hex/Tloc       0%         N/A       78%         3
 Teleport Other           Tloc           0%         N/A       78%         3
 Leda's Liquefaction      Hex/Erth       0%         N/A       99%         4
 Ozocubu's Refrigeration  Ice            0%         4d5       100%        7


Dungeon Overview and Level Annotations

Branches:
Dungeon (4/15)             Temple (1/1) D:4           Sewer (visited)

Altars:
Cheibriados
Dithmenos
Elyvilon
Fedhas
Hepliaklqana
Nemelex Xobeh
Qazlal
Ru
Sif Muna
Trog
Uskayaw
Vehumet
Xom
Yredelemnul
Zin
The Shining One


Innate Abilities, Weirdness & Mutations

You are immune to sickness and miasma.
Your stone body is resilient. (AC +4)
You are immune to poison.
You resist negative energy. (rN+)
You are resistant to electric shocks. (rElec)
You are resistant to unholy torment.
You are immune to petrification.


Message History

You barely miss the black bear.
The black bear is moderately wounded.
The black bear bites you but does no damage.
The black bear claws you but does no damage. x2
You hit the black bear. You burn the black bear.
The black bear is heavily wounded.
The black bear bites you. The black bear closely misses you.
The black bear completely misses you. The white imp closely misses you.
You hit the black bear but do no damage.
The black bear is heavily wounded.
The black bear barely misses you.
The black bear claws you but does no damage.
The black bear barely misses you. You block the white imp's attack.
You hit the black bear but do no damage.
The black bear is heavily wounded.
The black bear barely misses you. You block the black bear's attack.
The black bear claws you but does no damage.
The white imp gestures at you. The puff of frost hits you!
You sock the black bear! You burn the black bear.
The black bear is almost dead.
The black bear goes berserk!
You block the white imp's attack.
You barely miss the black bear.
The black bear is almost dead.
The black bear barely misses you.
The black bear claws you but does no damage.
The black bear closely misses you. The white imp closely misses you.
The black bear barely misses you. The black bear closely misses you.
The black bear claws you.
* * * LOW HITPOINT WARNING * * *
You hit the black bear but do no damage.
The black bear is almost dead.
The black bear bites you!
* * * LOW HITPOINT WARNING * * *
The black bear claws you but does no damage.
The black bear closely misses you. The white imp barely misses you.
You barely miss the black bear.
The black bear is almost dead.
The black bear bites you.
You die...

#..#.# ... (.#.
... ..#. ..5$
.#. .....
.########
.....###........
......#.5.......
.......#@##....
.......h........
..........##....
.....(##### ..
##((.# #.>. ##.
#


You could see a black bear (berserk) and a white imp.

Vanquished Creatures
  A black bear (D:4)
  A phantom (D:4)
  A kobold brigand (Sewer)
  A scorpion (D:3)
  2 hounds (D:3)
  Terence (D:3)
  6 adders
  3 river rats
  An ufetubus (D:4)
  2 worms
  4 dart slugs
  7 orcs
  10 ball pythons
  9 bats
  6 endoplasms
  4 giant cockroaches
  4 goblins
  4 hobgoblins
  12 jackals
  9 kobolds
  2 quokkas
  3 frilled lizards (D:1)
  11 rats
104 creatures vanquished.

Notes
Turn   | Place    | Note
-------+----------+-------------------------------------------
     0 | D:1      | Froggeryz the Gargoyle Cinder Acolyte began the quest for
                  | the Orb.
     0 | D:1      | Reached XP level 1. HP: 14/14 MP: 2/2
   182 | D:1      | Reached XP level 2. HP: 19/19 MP: 3/3
   218 | D:1      | Reached skill level 1 in Armour
   623 | D:1      | Found a faded altar of an unknown god.
   672 | D:1      | Reached XP level 3. HP: 21/23 MP: 4/4
  1339 | D:2      | Reached skill level 4 in Maces & Flails
  1755 | D:2      | Reached skill level 1 in Shields
  1755 | D:2      | Reached XP level 4. HP: 20/28 MP: 5/5
  2286 | D:3      | Noticed Terence
  2974 | D:3      | Killed Terence
  2975 | D:3      | Reached skill level 5 in Maces & Flails
  2975 | D:3      | Reached XP level 5. HP: 16/32 MP: 6/6
  3223 | D:3      | Found a radiant altar of Vehumet.
  3230 | D:3      | Found a bloodstained altar of Trog.
  3234 | D:3      | Found a basalt altar of Yredelemnul.
  3236 | D:3      | Found a shimmering altar of Xom.
  3993 | D:3      | Reached XP level 6. HP: 17/37 MP: 7/7
  4314 | D:4      | Found a staircase to the Ecumenical Temple.
  4330 | Temple   | Entered the Ecumenical Temple
  4435 | D:4      | Found a glowing drain.
  4444 | Sewer    | Entered a sewer
  4466 | Sewer    | Reached skill level 6 in Maces & Flails
  4751 | Sewer    | Found a white marble altar of Elyvilon.
  4813 | D:4      | Reached XP level 7. HP: 20/41 MP: 8/8
  5271 | D:6      | HP: 1/41 [black bear (9)]
  5272 | D:6      | Slain by a black bear

Illustrated notes

Levels and vault maps discovered:
D:1:      amcnicky_arrival_single_pillar, layout_basic,
          shapermc_ecumenical_altar_totnotflames, minmay_hexomino_f4
D:2:      layout_basic
D:3:      layout_basic, minitemple, grunt_ministairs_5, st_stairs_5,
          serial_bayou_pond_b, minmay_fountain_box, kennysheep_doodads,
          serial_bayou_pond_e, uniq_terence
D:4:      cheibrodos_quashed, layout_cave_pools, minmay_temple_entry_water_ring,
          portal_sewer_entry_a, st_stairs_9, nrook_mini_vaults
D:6:      lemuel_insect_pit, layout_cave_pools, gammafunk_ghost_smash,
          nicolae_concentric_dashed_squares_mild, grunt_ministairs_12,
          uniq_sigmund
Temple:   regret_index_temple_sphere_string

Skill      XL: |  1  2  3  4  5  6  7 |
---------------+----------------------+-----
Armour         | 1 |  1.3
Maces & Flails | 4 5 6 |  6.9
Shields        | 1 2 3 4 |  4.2
Fighting       | |  3.3
Spellcasting   | |  1.0
Fire Magic     | |  3.0

Action                   |  1- 3 |  4- 6 |  7- 9 || total
-------------------------+-------+-------+-------++-------
Melee: Mace              |   122 |   252 |    31 ||   405
Throw: Dart              |       |    10 |     3 ||    13
  Use: Scroll            |       |     2 |       ||     2
Armor: Robe              |    63 |    37 |       ||   100
       Leather armour    |       |     3 |       ||     3
       Ring mail         |       |   167 |    35 ||   202
Dodge: Dodged            |    88 |   196 |    35 ||   319
Block: Buckler           |       |       |     4 ||     4

Table legend: (Time is in decaauts)
 A = Elapsed time spent in this place.
 B = Non-inter-level travel time spent in this place.
 C = Inter-level travel time spent in this place.
 D = Time resting spent in this place.
 E = Time spent auto-exploring this place.
 F = Levels seen in this place.
 G = Mean time per level.
                   A        B        C        D        E       F      G
               +--------+--------+--------+--------+--------+-----+--------+
         Total |   5370 |   5265 |    105 |   1434 |   2637 |   7 |  767.1 |
       Dungeon |   4909 |   4804 |    105 |   1252 |   2526 |   5 |  981.8 |
        Temple |     82 |     82 |      0 |      0 |      0 |   1 |   82.0 |
         Sewer |    378 |    378 |      0 |    182 |    111 |   1 |  378.0 |
               +--------+--------+--------+--------+--------+-----+--------+

Top non-repeatable levels by time:
     D:3: 2111 daAuts
     D:1: 1250 daAuts
     D:2: 937 daAuts
     D:4: 593 daAuts
   Sewer: 378 daAuts
  Temple: 82 daAuts
     D:6: 18 daAuts
